 Dungeon Crawl Stone Soup version 0.29-a0-962-gc8bbfd0a37 (webtiles) character file.

Game seed: 16911182495611005133

6216 leavemydog the Cleaver (level 10, -1/82 (84) HPs)
             Began as a Hill Orc Fighter on July 30, 2022.
             Slain by an orc sorcerer
             ... wielding the +9 staff of Olgreb {rPois∞}
              (14 damage)
             ... in a bailey.
             The game lasted 00:18:29 (8612 turns).

leavemydog the Cleaver (Hill Orc Fighter)           Turns: 8612, Time: 00:18:29

HP:   -1/82 (84)    AC:  8    Str: 25    XL:     10   Next: 92%
MP:   18/18         EV: 10    Int:  7    God:
Gold: 319           SH: 10    Dex: 10    Spells: 20/20 levels left

rFire   . . .      SeeInvis +   g - +0 broad axe
rCold   . . .      Faith    .   c - +0 buckler
rNeg    + + .      Spirit   .   i - +2 leather armour of Stoicism {rN++ Regen+ Str+3 Int-3}
rPois   .          Reflect  +   (no helmet)
rElec   .          Harm     .   y - +2 cloak
rCorr   +          Rampage  .   (no gloves)
Will    .....                   (no boots)
Stlth   +.........              A - amulet of reflection
HPRegen 1.03/turn               u - ring of see invisible
MPRegen 0.16/turn               x - ring of resist corrosion

@: lethally poisoned (-1 -> -2), lightly drained
A: no striking features
a: no special abilities


You were in a bailey.
You visited 2 branches of the dungeon, and saw 10 of its levels.
You also visited: Ossuary and Bailey.

You collected 391 gold pieces.
You spent 72 gold pieces at shops.

Inventory:

Hand Weapons
 g - a +0 broad axe (weapon)
 K - a +2 dire flail
Missiles
 L - a throwing net (quivered)
Armour
 c - a +0 buckler (worn)
 i - the +2 leather armour of Stoicism (worn) {rN++ Regen+ Str+3 Int-3}
   (You found it on level 6 of the Dungeon)

   Str:       It affects your strength (+3).
   Int:       It affects your intelligence (-3).
   rN:        It greatly protects you from negative energy.
   Regen:     It increases your rate of health regeneration.
 y - a +2 cloak (worn)
Jewellery
 a - the ring "Tewem" {rC++ rN+ rCorr MP+9 Slay-3}
   (You acquired it in a bailey)

   [ring of positive energy]

   Slay:      It affects your accuracy & damage with ranged weapons and melee
   (-3).
   rC:        It greatly protects you from cold.
   rN:        It protects you from negative energy.
   MP:        It affects your magic capacity (+9).
   rCorr:     It protects you from acid and corrosion.
 o - a ring of fire
 r - a +6 ring of intelligence
 u - a ring of see invisible (left hand)
 x - a ring of resist corrosion (right hand)
 A - an amulet of reflection (around neck)
 G - a ring of protection from fire
Wands
 B - a wand of digging (3)
 J - a wand of mindburst (14)
Scrolls
 k - a scroll of amnesia
 l - 2 scrolls of magic mapping
 m - 3 scrolls of immolation
 q - 7 scrolls of teleportation
 s - 4 scrolls of identify
 t - a scroll of poison
 v - a scroll of butterflies
 F - 3 scrolls of enchant armour
Potions
 b - a potion of attraction {unknown}
 d - a potion of lignification
 e - 3 potions of flight
 f - a potion of degeneration {unknown}
 h - a potion of brilliance {unknown}
 j - a potion of magic {unknown}
 n - 5 potions of haste
 p - 3 potions of resistance
 w - a potion of cancellation {unknown}
 z - 2 potions of invisibility
 C - a potion of mutation {unknown}
 E - 2 potions of curing
 H - a potion of heal wounds {unknown}


   Skills:
 + Level 6.4 Fighting
 * Level 13.5 Axes
 + Level 5.2 Armour
 + Level 5.5 Shields
 - Level 5.9 Spellcasting
 - Level 5.3 Hexes
 - Level 4.4 Translocations
 - Level 4.0 Transmutations


You had 20 spell levels left.
You didn't know any spells.
Your spell library contained the following spells:

 Spells                   Type           Power      Damage    Failure   Level
 Blink                    Tloc           16%        N/A       10%         2
 Tukima's Dance           Hex            9%         N/A       12%         3
 Portal Projectile        Hex/Tloc       16%        N/A       16%         3
 Fulminant Prism          Conj/Hex       2%         3d6       77%         4
 Iskenderun's Mystic Bla  Conj/Tloc      5%         2d3       83%         4
 Manifold Assault         Tloc           8%         N/A       86%         5
 Blade Hands              Tmut           3%         N/A       89%         5
 Lee's Rapid Deconstruct  Erth           1%         3d5*      100%        5
 Storm Form               Tmut/Air       2%         N/A       100%        7


Dungeon Overview and Level Annotations

Branches:
Dungeon (9/15)             Temple (1/1) D:5         Ossuary (visited)
 Bailey (1/1)
   Lair: D:8-11         Orc: D:9-12

Altars:
Ashenzari
Dithmenos
Elyvilon
Fedhas
Kikubaaqudgha
Nemelex Xobeh
Qazlal
Ru
Sif Muna
Uskayaw
Vehumet
Wu Jian
Xom
Yredelemnul
Zin
The Shining One

Shops:
D:6 *

Annotations:
D:7 2 transporters, sastreii's ghost, novice GnGl
D:8 2 transporters, Alarak's ghost, novice DESu


Message History

You slash the orc warrior!
The orc warrior is severely wounded.
The orc sorcerer points at you and mumbles some strange words.
The bolt of fire misses you.
You hear a shout!
You slash the orc warrior!
The orc warrior is almost dead.
The orc warrior hits you with a +0 war axe!
You slash the orc warrior!
You kill the orc warrior!
You hit the orc sorcerer but do no damage.
The orc sorcerer gestures at you while chanting.
The bolt of fire hits you!!
You are too injured to fight recklessly!
You barely miss the orc sorcerer.
The orc sorcerer hits you with the +9 staff of Olgreb {rPois∞}.
You barely miss the orc sorcerer. You block the orc sorcerer's attack.
A hobgoblin comes into view. It is wielding a +0 hand axe.
You hit the orc sorcerer but do no damage.
The orc sorcerer casts a spell at you. The bolt of negative energy hits you.
You partially resist.
You feel drained.
You hit the orc sorcerer.
The orc sorcerer is lightly wounded.
The orc sorcerer hits you with the +9 staff of Olgreb {rPois∞}.
The orc sorcerer envenoms you!
* * * LOW HITPOINT WARNING * * *
You are poisoned.
You barely miss the orc sorcerer.
The orc sorcerer is lightly wounded.
You feel sick.
The orc sorcerer hits you with the +9 staff of Olgreb {rPois∞}.
* * * LOW HITPOINT WARNING * * *
The orc sorcerer envenoms you.
* * * LOW HITPOINT WARNING * * *
You are more poisoned.
You hit the orc sorcerer but do no damage.
You feel sick.
The orc sorcerer hits you but does no damage.
The orc sorcerer envenoms you!
You die...

#....'....o#..))...#
#≈≈≈≈≈#....#....g)o8.8.8.#
#≈≈≈≈≈#.##############...####
#≈≈≈≈≈≈.#: #..)...# #≈≈≈≈≈≈.#
#..)...# #≈≈≈≈≈≈.# #####''#
#≈≈≈≈≈≈.######### #.....#
#≈≈≈≈≈≈.#..8)8..#... #...).'
#≈≈≈≈≈≈∩....@og.'._. #..⌠).'
#≈≈≈≈≈≈.#..8.8..#... #.....'
#≈≈≈≈≈≈.######### #.....#
#≈≈≈≈≈≈.#g.# #####''#
#≈≈≈≈≈≈.#))# #......#
#≈≈≈≈≈†.#))'.# #......#
#≈≈≈≈≈#.##############...####
#≈≈≈≈≈#....#.....).8.8.8.#
#≈≈≈≈≈#....'.....#)......#


You could see an orc sorcerer and a hobgoblin.

Vanquished Creatures
  An orc knight (Bailey)
  Sigmund (D:2)
  10 yaks
  12 orc warriors
  A sky beast (D:4)
  2 ice beasts (D:7)
  An ogre (D:6)
  5 centaurs
  2 bullfrogs (D:7)
  A kobold brigand (D:8)
  2 necrophages
  A scorpion (D:6)
  2 water moccasin zombies (Ossuary)
  4 wights
  2 howler monkeys (D:7)
  An electric eel (Bailey)
  2 hounds
  A jelly (D:3)
  4 orc priests
  9 iguanas
  3 orc wizards
  2 mummies (Ossuary)
  14 gnolls
  11 adders
  7 adder zombies (Ossuary)
  2 worms
  3 dart slugs
  20 orcs
  9 ball pythons
  3 bats
  6 endoplasms
  A giant cockroach (D:3)
  31 goblins
  8 hobgoblins
  13 kobolds
  2 quokkas
  A gnoll zombie (Ossuary)
  4 hobgoblin zombies (Ossuary)
  7 kobold zombies (Ossuary)
  3 orc zombies (Ossuary)
  9 rats
223 creatures vanquished.

Vanquished Creatures (others)
  A plant (D:3)
1 creature vanquished.

Grand Total: 224 creatures vanquished

Notes
Turn   | Place    | Note
-------+----------+-------------------------------------------
     0 | D:1      | leavemydog the Hill Orc Fighter began the quest for the
                  | Orb.
     0 | D:1      | Reached XP level 1. HP: 19/19 MP: 1/1
   104 | D:1      | Reached skill level 3 in Axes
   104 | D:1      | Reached XP level 2. HP: 25/27 MP: 2/2
   572 | D:1      | Reached XP level 3. HP: 32/33 MP: 3/3
   904 | D:2      | Found a faded altar of an unknown god.
  1035 | D:2      | Reached skill level 4 in Axes
  1177 | D:2      | Noticed Sigmund
  1183 | D:2      | Killed Sigmund
  1184 | D:2      | Reached skill level 6 in Axes
  1184 | D:2      | Reached XP level 4. HP: 37/40 MP: 4/4
  1184 | D:2      | Reached XP level 5. HP: 42/46 MP: 5/5
  1510 | D:2      | You fall into a shaft and drop 2 floors!
  1580 | D:4      | Reached XP level 6. HP: 53/53 MP: 6/6
  1696 | D:4      | Found a sparkling altar of Nemelex Xobeh.
  1814 | D:4      | Reached skill level 7 in Axes
  3416 | D:4      | Noticed a sky beast
  3430 | D:4      | Killed a sky beast
  3431 | D:4      | Reached skill level 8 in Axes
  3431 | D:4      | Reached XP level 7. HP: 26/60 MP: 7/7
  4277 | D:5      | Entered Level 5 of the Dungeon
  4788 | D:6      | Noticed a yak
  4788 | D:6      | Noticed a yak
  4789 | D:6      | Noticed a yak
  4809 | D:6      | Reached XP level 8. HP: 12/67 MP: 8/8
  4810 | D:6      | Reached skill level 5 in Spellcasting
  4810 | D:6      | Reached skill level 5 in Hexes
  5035 | D:6      | Reached skill level 9 in Axes
  5137 | D:6      | Identified the +2 leather armour of Stoicism {rN++ Regen+
                  | Str+3 Int-3}
  5201 | D:6      | Killed a yak
  5211 | D:6      | Killed a yak
  5212 | D:6      | Reached XP level 9. HP: 35/73 MP: 17/17
  5219 | D:6      | Reached skill level 5 in Fighting
  5298 | D:6      | Found Juttugan's Assorted Antiques.
  5322 | D:6      | Reached skill level 5 in Armour
  5355 | D:6      | Bought a potion of curing for 72 gold pieces
  5609 | D:6      | Reached skill level 10 in Axes
  5702 | D:5      | Found a broken altar of Ashenzari.
  5899 | D:5      | Found a staircase to the Ecumenical Temple.
  6270 | Temple   | Entered the Ecumenical Temple
  6616 | D:7      | Noticed a purple ugly thing
  6726 | D:7      | Found a transporter.
  6726 | D:7      | Noticed sastreii's ghost (novice GnGl)
  7018 | D:7      | Found a transporter.
  7417 | D:7      | Reached skill level 11 in Axes
  7445 | D:8      | Found a sand-covered staircase.
  7563 | Ossuary  | Entered an ossuary
  7615 | Ossuary  | Reached skill level 5 in Shields
  7615 | Ossuary  | Reached XP level 10. HP: 81/81 MP: 18/18
  7855 | D:8      | Found a transporter.
  7855 | D:8      | Noticed Alarak's ghost (novice DESu)
  7868 | D:8      | Reached skill level 12 in Axes
  7945 | D:8      | Found a glowing silver altar of Zin.
  7982 | D:8      | Found a transporter.
  8213 | D:9      | Found a flagged portal.
  8239 | Bailey   | Entered a bailey
  8353 | Bailey   | Noticed an orc knight
  8370 | Bailey   | Reached skill level 13 in Axes
  8387 | Bailey   | Killed an orc knight
  8564 | Bailey   | Acquired the ring "Tewem" {rC++ rN+ rCorr MP+9 Slay-3}
  8597 | Bailey   | Found an iron altar of Okawaru.
  8599 | Bailey   | Noticed an orc sorcerer
  8612 | Bailey   | Slain by an orc sorcerer

Illustrated notes

Levels and vault maps discovered:
D:1:      lightli_arrival_quake, layout_loops_ring
D:2:      layout_loops_corners, hellmonk_ecumenical_altar_blasted, uniq_sigmund,
          uniq_crazy_yiuf_cottage
D:3:      layout_basic, minmay_shallow_snake_nest
D:4:      layout_gridville, nemelex_diamond_rough_becter,
          hangedman_decor_riveting, minmay_misc_feat_iff
D:5:      layout_loops_corners, nicolae_overflow_hidden_temple,
          minmay_temple_entry_arrows
D:6:      layout_rooms, serial_shops, nicolae_shop_advertising_works
          [nicolae_subvault_shop_adworks], portal_sewer_entry_d,
          minmay_ogre_servants
D:7:      layout_loops_ring, nzn_ghost_randoct
D:8:      layout_basic, pdpol_temple_overflow_zin_treasury_gozag_greed,
          gammafunk_ghost_stat_death, nicolae_ossuary_entry_monument
D:9:      layout_basic, grunt_temple_overflow_open, enter_bailey_5
Temple:   hellmonk_temple_forest_ring
Bailey:   bailey_axe_of_yendor_kennysheep, bailey

Skill      XL: |  1  2  3  4  5  6  7  8  9 10 |
---------------+-------------------------------+-----
Axes           | 3 6 8 9 11 13 | 13.5
Fighting       | 4 5 6 |  6.4
Armour         | 4 5 |  5.2
Shields        | 4 5 |  5.5
Spellcasting   | 5 |  5.9
Hexes          | 5 |  5.3
Translocations | 4 |  4.4
Transmutations | 4 |  4.0

Action                   |  1- 3 |  4- 6 |  7- 9 | 10-12 || total
-------------------------+-------+-------+-------+-------++-------
Melee: War axe           |    84 |   110 |   375 |   186 ||   755
       Broad axe         |       |       |       |    54 ||    54
Evoke: Wand              |       |       |       |     2 ||     2
  Use: Potion            |     1 |       |     6 |     5 ||    12
       Scroll            |       |     3 |     9 |     8 ||    20
Armor: Scale mail        |    42 |    41 |    44 |       ||   127
       Skin              |       |       |     6 |       ||     6
       Leather armour    |       |       |    53 |    50 ||   103
Dodge: Dodged            |    35 |    49 |   119 |    58 ||   261
Block: Buckler           |    20 |    24 |   167 |    91 ||   302
       Reflection        |       |       |     3 |    10 ||    13

Table legend: (Time is in decaauts)
 A = Elapsed time spent in this place.
 B = Non-inter-level travel time spent in this place.
 C = Inter-level travel time spent in this place.
 D = Time resting spent in this place.
 E = Time spent auto-exploring this place.
 F = Levels seen in this place.
 G = Mean time per level.
                   A        B        C        D        E       F      G
               +--------+--------+--------+--------+--------+-----+--------+
         Total |   8666 |   8218 |    448 |   1337 |   5207 |  12 |  722.2 |
       Dungeon |   7950 |   7517 |    433 |   1208 |   4960 |   9 |  883.3 |
        Temple |    165 |    151 |     14 |      0 |    136 |   1 |  165.0 |
       Ossuary |    183 |    183 |      0 |      7 |     61 |   1 |  183.0 |
        Bailey |    366 |    366 |      0 |    122 |     50 |   1 |  366.0 |
               +--------+--------+--------+--------+--------+-----+--------+

Top non-repeatable levels by time:
     D:4: 1294 daAuts
     D:2: 1207 daAuts
     D:5: 1046 daAuts
     D:6: 1021 daAuts
     D:7: 942 daAuts
     D:3: 925 daAuts
     D:1: 900 daAuts
     D:8: 515 daAuts
  Bailey: 366 daAuts
 Ossuary: 183 daAuts
  Temple: 165 daAuts
     D:9: 97 daAuts
